ABL
SOUTH SYDNEY RABBITOHS @ MANLY-WARRINGAH SEA EAGLES
04/28/2022
 
TOP OF THE 1ST
South Sydney Rabbitohs batting - Pitching for Manly-Warringah Sea Eagles : RHP Shell Grogan
Pitching: RHP Shell Grogan
Batting: LHB Clint Soper 0-0: Ball
1-0: Ball
2-0: Ground out 4-3 (Groundball, 4, EV 86.9 MPH)
Batting: RHB Ian Hogan 0-0: Ball
1-0: SINGLE (Groundball, P, EV 85.0 MPH) (infield hit)
Batting: RHB Kirby Hooley 0-0: Grounds into double play, 6-4-3 (Groundball, 6, EV 82.5 MPH)
Top of the 1st over - 0 runs, 1 hit, 0 errors, 0 left on base; South Sydney 0 - Manly-Warringah 0
BOTTOM OF THE 1ST
Manly-Warringah Sea Eagles batting - Pitching for South Sydney Rabbitohs : RHP E.J. Gowenlock
Pitching: RHP E.J. Gowenlock
Batting: LHB Tris Malcolm 0-0: Hit by Pitch
Batting: LHB Leigh Seldon 0-0: Ball
1-0: Ball
2-0: Foul Ball, location: 2F
2-1: Foul Ball, location: 5DF
2-2: Foul Ball, location: 9LMFF
2-2: Strikes out swinging
Batting: RHB Bill Warburton 0-0: Foul Ball, location: 7LMFF
0-1: Foul Ball, location: 2F
0-2: Foul Ball, location: 3SF
0-2: Foul Ball, location: 2F
0-2: Ball
Wild Pitch!
Tris Malcolm to second
1-2: Ball
2-2: Ground out 6-3 (Groundball, 6, EV 77.5 MPH)
Tris Malcolm to third
Batting: LHB Clem Ballard 0-0: Ball
1-0: Called Strike
1-1: Ball
Wild Pitch!
Tris Malcolm scores
2-1: Ball
3-1: Foul Ball, location: 2F
3-2: Base on Balls
Batting: RHB Matthew Adam 0-0: Ball
1-0: Swinging Strike
1-1: Called Strike
1-2: Fly out, F8 (Flyball, 8LXD, EV 106.9 MPH)
Bottom of the 1st over - 1 run, 0 hits, 0 errors, 1 left on base; South Sydney 0 - Manly-Warringah 1
TOP OF THE 2ND
South Sydney Rabbitohs batting - Pitching for Manly-Warringah Sea Eagles : RHP Shell Grogan
Batting: RHB Pete Vinson 0-0: Called Strike
0-1: Ball
1-1: Ground out 4-3 (Groundball, 4, EV 63.1 MPH)
Batting: RHB Michael Weyman 0-0: Ball
1-0: Ball
2-0: Ball
3-0: Base on Balls
Batting: RHB Arnie Bartelot 0-0: Fly out, F7 (Line Drive, 78M, EV 100.6 MPH)
Batting: RHB Axel Winson 0-0: Called Strike
0-1: Ball
1-1: Foul Ball, location: 23FF
1-2: Ball
2-2: Ball
3-2: Fly out, F4 (Popup, 34D, EV 58.1 MPH)
Top of the 2nd over - 0 runs, 0 hits, 0 errors, 1 left on base; South Sydney 0 - Manly-Warringah 1
BOTTOM OF THE 2ND
Manly-Warringah Sea Eagles batting - Pitching for South Sydney Rabbitohs : RHP E.J. Gowenlock
Batting: RHB Chris Strutt 0-0: Swinging Strike
0-1: Called Strike
0-2: Strikes out swinging
Batting: LHB Greg Mundine 0-0: Ball
1-0: Foul Ball, location: 25FF
1-1: Fly out, F7 (Flyball, 78M, EV 93.1 MPH)
Batting: RHB Owen Shufflebottom 0-0: Called Strike
0-1: Called Strike
0-2: Ball
1-2: Foul Ball, location: 25FF
1-2: Ball
2-2: Ball
3-2: Fly out, F9 (Line Drive, 89M, EV 102.5 MPH)
Bottom of the 2nd over - 0 runs, 0 hits, 0 errors, 0 left on base; South Sydney 0 - Manly-Warringah 1
TOP OF THE 3RD
South Sydney Rabbitohs batting - Pitching for Manly-Warringah Sea Eagles : RHP Shell Grogan
Batting: RHB Oliver Trick 0-0: Ball
1-0: Swinging Strike
1-1: Swinging Strike
1-2: Ball
2-2: Ground out 6-3 (Groundball, 6, EV 87.5 MPH)
Batting: RHB E.J. Gowenlock 0-0: Ball
1-0: Fly out, F8 (Flyball, 8LD, EV 96.9 MPH)
Batting: LHB Clint Soper 0-0: Foul Ball, location: 5F
0-1: Ball
1-1: Swinging Strike
1-2: Foul Ball, location: 3FF
1-2: Strikes out swinging
Top of the 3rd over - 0 runs, 0 hits, 0 errors, 0 left on base; South Sydney 0 - Manly-Warringah 1
BOTTOM OF THE 3RD
Manly-Warringah Sea Eagles batting - Pitching for South Sydney Rabbitohs : RHP E.J. Gowenlock
Batting: RHB Shell Grogan 0-0: Ground out 5-3 (Groundball, 56, EV 82.5 MPH)
Batting: LHB Tris Malcolm 0-0: Ball
1-0: Foul Ball, location: 25FF
1-1: Called Strike
1-2: TRIPLE (Line Drive, 89XD, EV 102.5 MPH)
Batting: LHB Leigh Seldon 0-0: Ball
1-0: DOUBLE (Flyball, 78XD, EV 111.3 MPH)
Tris Malcolm scores
Batting: RHB Bill Warburton 0-0: Ball
1-0: Ball
2-0: Called Strike
2-1: Fly out, F7 (Flyball, 78M, EV 95.0 MPH)
Batting: LHB Clem Ballard 0-0: Called Strike
0-1: Called Strike
0-2: Strikes out swinging
Bottom of the 3rd over - 1 run, 2 hits, 0 errors, 1 left on base; South Sydney 0 - Manly-Warringah 2
TOP OF THE 4TH
South Sydney Rabbitohs batting - Pitching for Manly-Warringah Sea Eagles : RHP Shell Grogan
Batting: RHB Ian Hogan 0-0: Foul Ball, location: 5FF
0-1: Ball
1-1: Foul Ball, location: 9LSF
1-2: Foul Ball, location: 2F
1-2: Ground out 1-3 (Groundball, 13, EV 70.0 MPH)
Batting: RHB Kirby Hooley 0-0: SINGLE (Groundball, 56D, EV 103.8 MPH) (infield hit)
Batting: RHB Pete Vinson 0-0: Called Strike
Kirby Hooley is caught stealing 2nd base 2-4
0-1: Ball
1-1: Ball
2-1: Called Strike
2-2: Ground out 5-3 (Groundball, 56, EV 110.0 MPH)
Top of the 4th over - 0 runs, 1 hit, 0 errors, 0 left on base; South Sydney 0 - Manly-Warringah 2
BOTTOM OF THE 4TH
Manly-Warringah Sea Eagles batting - Pitching for South Sydney Rabbitohs : RHP E.J. Gowenlock
Batting: RHB Matthew Adam 0-0: Swinging Strike
0-1: Called Strike
0-2: Foul Ball, location: 5FF
0-2: SINGLE (Line Drive, 9S, EV 99.4 MPH)
Batting: RHB Chris Strutt 0-0: Reached on error, E1 (Groundball, P, EV 0.0 MPH)
Matthew Adam to third
Batting: LHB Greg Mundine 0-0: Called Strike
0-1: Ground out 6-3 (Groundball, 6, EV 91.3 MPH)
Batting: RHB Owen Shufflebottom 0-0: Intentional Walk
Batting: RHB Shell Grogan 0-0: Fly out, F7 (Flyball, 78M, EV 95.6 MPH)
Runner from 3rd tags up, SCORES, throw by LF
Batting: LHB Tris Malcolm 0-0: DOUBLE (Line Drive, 9LM, EV 108.8 MPH)
Chris Strutt scores
Owen Shufflebottom to third
Runner from 3rd tries for Home, throw by RF and OUT! 9-4-2
Bottom of the 4th over - 2 runs, 2 hits, 1 error, 1 left on base; South Sydney 0 - Manly-Warringah 4
TOP OF THE 5TH
South Sydney Rabbitohs batting - Pitching for Manly-Warringah Sea Eagles : RHP Shell Grogan
Batting: RHB Michael Weyman 0-0: Called Strike
0-1: Foul Ball, location: 3F
0-2: SINGLE (Line Drive, 8LS, EV 96.9 MPH)
Batting: RHB Arnie Bartelot 0-0: Ball
1-0: Called Strike
1-1: Ball
2-1: SINGLE (Line Drive, 3D, EV 71.3 MPH)
Michael Weyman to second
Runner from 2nd tries for 3rd, SAFE, no throw by RF
Batting: RHB Axel Winson 0-0: Foul Ball, location: 9LDF
0-1: Ball
Arnie Bartelot steals 2nd base
1-1: Ball
2-1: Reached on error, E5 (Groundball, 5, EV 83.1 MPH)
Batting: RHB Oliver Trick 0-0: Ball
1-0: Grounds into fielders choice 4-2 (Groundball, 34, EV 83.8 MPH)
Arnie Bartelot to third
Axel Winson to second
Batting: RHB E.J. Gowenlock 0-0: Ball
1-0: Called Strike
1-1: Ball
2-1: Called Strike
2-2: Ball
3-2: Base on Balls
Arnie Bartelot scores
Axel Winson to third
Oliver Trick to second
Batting: LHB Clint Soper 0-0: Swinging Strike
0-1: Ball
1-1: Foul Ball, location: 3DF
1-2: Ball
2-2: Ball
3-2: Grounds into fielders choice 4-2 (Groundball, 4, EV 109.4 MPH)
Oliver Trick to third
E.J. Gowenlock to second
Batting: RHB Ian Hogan 0-0: Ball
1-0: SINGLE (Line Drive, 8LS, EV 88.8 MPH)
Oliver Trick scores
E.J. Gowenlock to third
Clint Soper to second
Batting: RHB Kirby Hooley 0-0: Foul Ball, location: 9LDF
0-1: Ball
1-1: Ball
2-1: Swinging Strike
2-2: Ball
3-2: Strikes out looking
Top of the 5th over - 2 runs, 3 hits, 1 error, 3 left on base; South Sydney 2 - Manly-Warringah 4
BOTTOM OF THE 5TH
Manly-Warringah Sea Eagles batting - Pitching for South Sydney Rabbitohs : RHP E.J. Gowenlock
Batting: LHB Leigh Seldon 0-0: Ball
1-0: Ball
2-0: Swinging Strike
2-1: Ball
3-1: Base on Balls
Batting: RHB Bill Warburton 0-0: Ball
1-0: Foul Ball, location: 2F
1-1: Grounds into double play, 6-4-3 (Groundball, 6, EV 78.1 MPH)
Batting: LHB Clem Ballard 0-0: Called Strike
0-1: Ball
1-1: Called Strike
1-2: SINGLE (Line Drive, 4MD, EV 95.0 MPH)
Batting: RHB Matthew Adam 0-0: Ball
1-0: DOUBLE (Line Drive, 78D, EV 101.9 MPH)
Clem Ballard to third
Batting: RHB Chris Strutt 0-0: Ground out U3 (Groundball, 23, EV 90.0 MPH)
Bottom of the 5th over - 0 runs, 2 hits, 0 errors, 2 left on base; South Sydney 2 - Manly-Warringah 4
TOP OF THE 6TH
South Sydney Rabbitohs batting - Pitching for Manly-Warringah Sea Eagles : RHP Shell Grogan
Batting: RHB Pete Vinson 0-0: Fly out, F8 (Flyball, 8LD, EV 105.6 MPH)
Batting: RHB Michael Weyman 0-0: Called Strike
0-1: SINGLE (Line Drive, 89S, EV 107.5 MPH)
Batting: RHB Arnie Bartelot 0-0: Ball
1-0: Called Strike
1-1: SINGLE (Groundball, 56D, EV 100.0 MPH)
Michael Weyman to second
Batting: RHB Axel Winson 0-0: Ball
1-0: Foul Ball, location: 5DF
1-1: Ball
Wild Pitch!
Michael Weyman to third
Arnie Bartelot to second
2-1: Ball
3-1: Base on Balls
Batting: RHB Oliver Trick 0-0: Grounds into fielders choice 1-2 (Groundball, 13, EV 68.8 MPH)
Arnie Bartelot to third
Axel Winson to second
Batting: RHB E.J. Gowenlock 0-0: Called Strike
0-1: Swinging Strike
0-2: Ball
1-2: Foul Ball, location: 5F
1-2: Ball
2-2: Strikes out swinging
Top of the 6th over - 0 runs, 2 hits, 0 errors, 3 left on base; South Sydney 2 - Manly-Warringah 4
BOTTOM OF THE 6TH
Manly-Warringah Sea Eagles batting - Pitching for South Sydney Rabbitohs : RHP E.J. Gowenlock
Batting: LHB Greg Mundine 0-0: Called Strike
0-1: DOUBLE (Flyball, 8LD, EV 102.5 MPH)
Batting: RHB Owen Shufflebottom 0-0: Ball
1-0: Ball
2-0: Foul Ball, location: 2F
2-1: Ball
3-1: Base on Balls
Batting: RHB Shell Grogan 0-0: Ball
1-0: Bunt missed!
1-1: Sac Bunt to 15 - play at first, batter OUT! 1-4
Greg Mundine to third
Owen Shufflebottom to second
Batting: LHB Tris Malcolm 0-0: SINGLE (Groundball, 34D, EV 95.0 MPH)
Greg Mundine scores
Owen Shufflebottom to third
Runner from 3rd tries for Home, SAFE, throw by RF to home
Tris Malcolm to second
Pitching: LHP Ben Pearn
Batting: LHB Leigh Seldon 0-0: Ball
1-0: Ball
Wild Pitch!
Tris Malcolm to third
2-0: Ball
3-0: Called Strike
3-1: Called Strike
3-2: Strikes out swinging
Batting: RHB Bill Warburton 0-0: Ball
1-0: Ball
2-0: Ball
3-0: Called Strike
3-1: Called Strike
3-2: SINGLE (Groundball, 34D, EV 96.3 MPH)
Tris Malcolm scores
Pinch Hitting: RHB Josh Reed 0-0: Called Strike
0-1: Swinging Strike
0-2: Ball
1-2: Ball
2-2: Strikes out swinging
Bottom of the 6th over - 3 runs, 3 hits, 0 errors, 1 left on base; South Sydney 2 - Manly-Warringah 7
TOP OF THE 7TH
South Sydney Rabbitohs batting - Pitching for Manly-Warringah Sea Eagles : RHP Shell Grogan
Now at 3B: Gregg Boothroyd
Now in RF: Owen Shufflebottom
Batting: LHB Clint Soper 0-0: Ball
1-0: Ball
2-0: Foul Ball, location: 3FF
2-1: Ground out U3 (Groundball, 3S, EV 72.5 MPH)
Batting: RHB Ian Hogan 0-0: Called Strike
0-1: Ball
1-1: Ball
2-1: Foul Ball, location: 2LF
2-2: Ground out 6-3 (Groundball, 6M, EV 88.1 MPH)
Batting: RHB Kirby Hooley 0-0: Ball
1-0: Ball
2-0: Called Strike
2-1: Foul Ball, location: 2F
2-2: Foul Ball, location: 2F
2-2: Strikes out swinging
Top of the 7th over - 0 runs, 0 hits, 0 errors, 0 left on base; South Sydney 2 - Manly-Warringah 7
BOTTOM OF THE 7TH
Manly-Warringah Sea Eagles batting - Pitching for South Sydney Rabbitohs : LHP Ben Pearn
Batting: RHB Matthew Adam 0-0: Called Strike
0-1: Swinging Strike
0-2: Ball
1-2: Ball
2-2: Foul Ball, location: 3F
2-2: Ball
3-2: Strikes out looking
Batting: RHB Chris Strutt 0-0: SINGLE (Line Drive, 89M, EV 106.9 MPH)
Batting: LHB Greg Mundine 0-0: Called Strike
0-1: Fly out, F7 (Flyball, 7S, EV 74.4 MPH)
Batting: RHB Owen Shufflebottom 0-0: Ball
1-0: Ball
2-0: Fly out, F9 (Flyball, 89M, EV 95.0 MPH)
Bottom of the 7th over - 0 runs, 1 hit, 0 errors, 1 left on base; South Sydney 2 - Manly-Warringah 7
TOP OF THE 8TH
South Sydney Rabbitohs batting - Pitching for Manly-Warringah Sea Eagles : RHP Shell Grogan
Batting: RHB Pete Vinson 0-0: Called Strike
0-1: Ball
1-1: Called Strike
1-2: Ball
2-2: Foul Ball, location: 25F
2-2: Strikes out swinging
Pitching: RHP Chris Dallas
Batting: RHB Michael Weyman 0-0: Called Strike
0-1: Ball
1-1: Swinging Strike
1-2: Ground out 5-3 (Groundball, 56, EV 82.5 MPH)
Batting: RHB Arnie Bartelot 0-0: Called Strike
0-1: Ball
1-1: Ball
2-1: Ball
3-1: Base on Balls
Batting: RHB Axel Winson 0-0: Ball
1-0: Ball
2-0: Reached on error, E5 (Groundball, 56S, EV 84.4 MPH)
Arnie Bartelot to second
Batting: RHB Oliver Trick 0-0: Ball
1-0: Ball
2-0: Ball
3-0: Base on Balls
Arnie Bartelot to third
Axel Winson to second
Pinch Hitting: RHB Neil Vanstone 0-0: Ball
1-0: Called Strike
1-1: Ball
2-1: SINGLE (Groundball, 56D, EV 96.3 MPH)
Arnie Bartelot scores
Axel Winson to third
Oliver Trick to second
Runner from 3rd tries for Home, SAFE, throw by LF to home
Batting: LHB Clint Soper 0-0: Called Strike
0-1: Foul Ball, location: 23F
0-2: Foul Ball, location: 2F
0-2: SINGLE (Flyball, 7, EV 85.0 MPH)
Oliver Trick to third
Neil Vanstone to second
Runner from 3rd tries for Home, SAFE, throw by LF to home
Batting: RHB Ian Hogan 0-0: Ball
1-0: Fly out, F9 (Flyball, 9, EV 97.5 MPH)
Top of the 8th over - 3 runs, 2 hits, 1 error, 2 left on base; South Sydney 5 - Manly-Warringah 7
BOTTOM OF THE 8TH
Manly-Warringah Sea Eagles batting - Pitching for South Sydney Rabbitohs : LHP Ben Pearn
Pitching: LHP Tony Minet
Pinch Hitting: LHB Ray Richard 0-0: Called Strike
0-1: Ball
1-1: Called Strike
1-2: Ball
2-2: Strikes out swinging
Batting: LHB Tris Malcolm 0-0: Foul Ball, location: 2F
0-1: Ground out 5-3 (Groundball, 5, EV 85.6 MPH)
Batting: LHB Leigh Seldon 0-0: Foul Ball, location: 9LMFF
0-1: Ball
1-1: Foul Ball, location: 5DF
1-2: Ball
2-2: Ball
3-2: Foul Ball, location: 2F
3-2: Foul Ball, location: 7LSF
3-2: Fly out, F9 (Flyball, 89M, EV 91.9 MPH)
Bottom of the 8th over - 0 runs, 0 hits, 0 errors, 0 left on base; South Sydney 5 - Manly-Warringah 7
TOP OF THE 9TH
South Sydney Rabbitohs batting - Pitching for Manly-Warringah Sea Eagles : RHP Chris Dallas
Pitching: RHP Sean Musgrave
Now at 1B: Ray Richard
Batting: RHB Kirby Hooley 0-0: Ground out 5-3 (Groundball, 5, EV 105.6 MPH)
Batting: RHB Pete Vinson 0-0: Ball
1-0: Ball
2-0: Fly out, F4 (Line Drive, 34, EV 75.0 MPH)
Batting: RHB Michael Weyman 0-0: Ball
1-0: DOUBLE (Line Drive, 89D, EV 107.5 MPH)
Batting: RHB Arnie Bartelot 0-0: Ball
1-0: Ground out 6-3 (Groundball, 6, EV 85.6 MPH)
Top of the 9th over - 0 runs, 1 hit, 0 errors, 1 left on base; South Sydney 5 - Manly-Warringah 7
Thursday, April 25th , 2024 - OOTP Baseball 24.9 Build 80